 Dungeon Crawl Stone Soup version 0.21-a0-630-g344d351 (webtiles) character file.

177 shenanigans the Skirmisher (level 5, 0/42 HPs)
             Began as a Barachi Skald on Dec 27, 2017.
             Killed from afar by an orc wizard (1 damage)
             ... with a magic dart
             ... on level 3 of the Dungeon.
             The game lasted 00:05:53 (3596 turns).

shenanigans the Skirmisher (Barachi Skald)          Turns: 3596, Time: 00:05:55

Health: 0/42       AC:  7    Str: 11 (12) XL:     5   Next: 57%
Magic:  8/8        EV: 11    Int: 13 (15) God:
Gold:   167        SH:  0    Dex: 10 (11) Spells: 7/8 levels left

rFire    . . .     SeeInvis .   e - +0 war axe
rCold    . . .     Gourm    .   (no shield)
rNeg     . . .     Faith    .   h - +2 ring mail {rPois}
rPois    +         Spirit   .   (no helmet)
rElec    .         Reflect  .   (no cloak)
rCorr    .         Harm     .   (no gloves)
MR       .....                  (no boots)
Stlth    ..........             (no amulet)
HPRegen  0.14/turn              (no ring)
MPRegen  0.11/turn              (no ring)

@: lethally poisoned (0 -> -10), slow
A: +LOS, swims, slowness 1, strong legs 1
a: Hop


You were on level 3 of the Dungeon.
You were not hungry.

You visited 1 branch of the dungeon, and saw 3 of its levels.

You collected 167 gold pieces.

Inventory:

Hand Weapons
 a - a +0 hand axe
 e - a +0 war axe (weapon)
Armour
 b - a +0 leather armour
 h - a +2 ring mail of poison resistance (worn)
Scrolls
 f - a scroll of teleportation {unknown}
 g - 2 scrolls of remove curse {unknown}
 i - a scroll of fear {unknown}
Books
 c - a book of Battle

   Spells                             Type                      Level
   a - Infusion                       Charms                       1
   b - Shroud of Golubria             Charms/Translocation         2
   c - Song of Slaying                Charms                       2
   d - Spectral Weapon                Hexes/Charms                 3
   e - Regeneration                   Charms/Necromancy            3
Comestibles
 d - 4 rations


   Skills:
 + Level 4.3 Fighting
 + Level 3.9 Axes
 + Level 3.6 Armour
 + Level 2.4 Dodging
 - Level 2.1 Spellcasting
 - Level 3.2 Charms


You had 7 spell levels left.
You knew the following spells:

 Your Spells              Type           Power        Failure   Level  Hunger
a - Infusion              Chrm           #...         14%         1    ##.....


Dungeon Overview and Level Annotations

Branches:
Dungeon (3/15)

Altars:
Ashenzari
Fedhas

Annotations:
D:3 domi's ghost, amateur DrCK


Innate Abilities, Weirdness & Mutations

Shadows flee at your approach. (+LOS)
You can swim through water.
You cover ground slowly.
You can hop short distances.


Message History

The orc wizard hits you but does no damage.
You hit the orc wizard.
The orc wizard is severely wounded.
* * * LOW HITPOINT WARNING * * *
You feel sick.
The orc wizard hits you with a dagger of venom.
* * * LOW HITPOINT WARNING * * *
The orc wizard closely misses you.
It was a potion of degeneration.
There was something very wrong with that liquid.
You feel weakened.
You feel dopey.
You feel clumsy.
* * * LOW HITPOINT WARNING * * *
You feel sick. The orc wizard barely misses you.
Your ring mail prevents you from hitting the orc wizard.
The orc wizard is severely wounded.
* * * LOW HITPOINT WARNING * * *
You feel sick.
The orc wizard gestures at you while chanting.
The magic dart hits you!
You die...

#.########..# #o.# #..#
####..# #.....# ##
#.##..## .# #.##...# .#
#.##.#.# .# #@##.#.#
.######## #####o##.#.#
.........###.....##.#.#
..######.#.....####.#.#
### #.#.###.####...#
#.(.# #........#
###.###.######.#
#.....# #.# ###.### #.#


You could see an orc wizard.

Vanquished Creatures
  A crimson imp (D:3)
  An orc priest (D:3)
  3 gnolls
  2 adders
  An ooze (D:3)
  3 worms (D:3)
  3 leopard geckos
  4 orcs
  3 bats
  2 giant cockroaches
  8 goblins
  5 hobgoblins
  9 kobolds
  A ball python (D:2)
  4 frilled lizards
  6 rats
56 creatures vanquished.

Notes
Turn   | Place    | Note
-------+----------+-------------------------------------------
     0 | D:1      | shenanigans the Barachi Skald began the quest for the Orb.
     0 | D:1      | Reached XP level 1. HP: 17/17 MP: 3/3
   363 | D:1      | Reached XP level 2. HP: 21/23 MP: 5/5
   713 | D:2      | Reached skill level 3 in Fighting
   864 | D:2      | Found a blossoming altar of Fedhas.
  1117 | D:2      | Reached XP level 3. HP: 27/29 MP: 6/6
  2466 | D:3      | Found a shattered altar of Ashenzari.
  2544 | D:3      | Reached XP level 4. HP: 34/35 MP: 7/7
  2931 | D:3      | Reached skill level 4 in Fighting
  2931 | D:3      | Reached XP level 5. HP: 39/42 MP: 4/8
  3235 | D:3      | Noticed domi's ghost (amateur DrCK)
  3596 | D:3      | HP: 1/42 [poisoned by an orc wizard]
  3596 | D:3      | Killed from afar by an orc wizard

Vault maps used:
D:1:      scummos_arrival_gate
D:2:      fedhas_altar_4
D:3:      nemelex_xobeh_ov_fountains_minmay, nicolae_overflow_crystal_walls,
          chequers_ecumenical_altar_simple

Skill      XL: |  1  2  3  4 |
---------------+-------------+-----
Armour         | 2 3 |  3.6
Fighting       | 3 4 |  4.3
Axes           | 3 |  3.9
Dodging        | |  2.4
Spellcasting   | |  2.1
Charms         | |  3.2

Action                   |  1- 3 |  4- 6 || total
-------------------------+-------+-------++-------
Melee: Hand axe          |   122 |       ||   122
       War axe           |    37 |   105 ||   142
 Cast: Infusion          |       |     1 ||     1
 Abil: Hop               |     1 |       ||     1
  Use: Potion            |     2 |     1 ||     3
  Eat: Chunk             |     2 |     4 ||     6
       Ration            |     1 |       ||     1
Armor: Leather armour    |    24 |       ||    24
       Ring mail         |     8 |    54 ||    62
Dodge: Dodged            |   108 |    66 ||   174

Table legend:
 A = Spawn XP
 B = Non-spawn XP
 C = Spawn XP percentage of total XP
 D = Spawn monster count
 E = Non-spawn monster count
 F = Spawn count percentage of total count
 G = Total turns spent on level
                    A         B        C        D         E        F      G
               +---------+---------+-------+---------+---------+-------+---------
         Total |       0 |     254 |   0.0 |       0 |      56 |   0.0 |  3596
               +---------+---------+-------+---------+---------+-------+---------
           D:1 |       0 |      18 |   0.0 |       0 |      11 |   0.0 |   970
           D:2 |       0 |      70 |   0.0 |       0 |      20 |   0.0 |  1694
           D:3 |       0 |     166 |   0.0 |       0 |      25 |   0.0 |   932
               +---------+---------+-------+---------+---------+-------+---------
